 Dungeon Crawl Stone Soup version 0.28.0-45-g0d030f2227 (webtiles) character file.

Game seed: 15682838383430849530

189 MalarOregon the Ruffian (level 5, 0/39 (61) HPs)
             Began as a Palentonga Transmuter on Apr 22, 2022.
             Slain by an orc wizard
             ... wielding a +2 dagger of draining
              (1 damage)
             ... on level 4 of the Dungeon.
             The game lasted 00:07:54 (3302 turns).

MalarOregon the Ruffian (Palentonga Transmuter)     Turns: 3302, Time: 00:07:55

HP:   0/39 (61)     AC: 22    Str: 14    XL:     5   Next: 40%
MP:   7/9           EV:  1    Int: 15    God:
Gold: 194           SH:  0    Dex: 10    Spells: 3/9 levels left

rFire   . . .      SeeInvis +     - Unarmed
rCold   . . .      Faith    .   (no shield)
rNeg    . . .      Spirit   .   (armour currently unavailable)
rPois   +          Reflect  .   (helmet currently unavailable)
rElec   .          Harm     .   (cloak currently unavailable)
rCorr   .          Rampage  .   (gloves currently unavailable)
Will    .....      NoTele   +   (no barding)
Stlth   +.........              (no amulet)
HPRegen 0.13/turn               (no ring)
MPRegen 0.11/turn               (no ring)

@: tree-form, very heavily drained
A: stationary, stasis, torment immunity, boosted hp, large, rugged brown scales
3, see invisible, (deformed body), (roll 1), (armoured tail)
a: no special abilities


You were on level 4 of the Dungeon.
You were a tree.
You visited 1 branch of the dungeon, and saw 4 of its levels.

You collected 194 gold pieces.


Innate Abilities, Weirdness & Mutations

You are a tree.
Your roots penetrate the ground, keeping you stationary.
You cannot be teleported.
You are immune to unholy pain and torment.
Your maximum health is greatly increased.
Your equipment is partially melded.
(You are completely covered in rugged brown scales. (AC +3, +7% HP))
You have supernaturally acute eyesight. (SInv)
((Armour fits poorly on your strangely shaped body.))
((You can roll at nearby foes to attack.))
((You have a long armoured tail.))


   Skills:
 * Level 2.4 Fighting
 * Level 2.4 Dodging
 * Level 3.8 Unarmed Combat
 * Level 2.9 Spellcasting
 * Level 3.0 Transmutations


You had 3 spell levels left.
You knew the following spells:

 Your Spells              Type           Power      Damage    Failure   Level
a - Beastly Appendage     Tmut           22%        N/A       6%          1
b - Wereblood             Tmut           11%        N/A       9%          2
x - Spider Form           Tmut/Pois      6%         N/A       32%         3

Your spell library contained the following spells:

 Spells                   Type           Power      Damage    Failure   Level
 Ice Form                 Ice/Tmut       6%         N/A       71%         4
 Alistair's Intoxication  Tmut/Pois      4%         N/A       96%         5
 Borgnjor's Vile Clutch   Necr/Erth      1%         N/A       99%         5
 Eringya's Noxious Bog    Tmut/Pois      3%         N/A       100%        6

Inventory:

Armour
 a - a +0 robe (melded)
 m - a +0 pair of gloves (melded)
   (You found it on level 3 of the Dungeon)
Scrolls
 b - a scroll of enchant weapon {unknown}
 d - a scroll of fear {unknown}
 e - 2 scrolls of identify {unknown}
 f - a scroll of magic mapping {unknown}
 h - a scroll of enchant armour {unknown}
 i - a scroll of blinking {unknown}
 j - a scroll of teleportation {unknown}
 l - 2 scrolls of immolation {unknown}
Potions
 c - a potion of lignification {!q}
 g - a potion of attraction {unknown}
 n - a potion of haste {unknown}

Dungeon Overview and Level Annotations

Branches:
Dungeon (4/15)
 Temple: D:4-7

Altars:
Dithmenos
Hepliaklqana
Ru
Sif Muna

Shops:
D:1 * D:2

[ . #.#####
...#..#######
....8......##
#.........#
##8o8.8...#
##)♣.###.#
#o###
#.###### #..#
#......#
#......#
####...###
o..o##.....#
#.....# .h
...#.##
#.....###
....###
...##......##
......
....#.....#..
.......
#..#....#...


You could see 2 orc wizards.


Message History

The puff of flame hits you!
* * * LOW HITPOINT WARNING * * *
Unknown command.
Unknown command.
Okay, then.
It was a potion of curing.
You feel better.
The orc wizard hits you with a +2 dagger of draining.
* * * LOW HITPOINT WARNING * * *
You feel drained.
* * * LOW HITPOINT WARNING * * *
The orc wizard points at you and mumbles some strange words.
The magic dart hits you!
* * * LOW HITPOINT WARNING * * *
You feel better.
Your transformation is almost over.
The orc wizard closely misses you.
The orc wizard points at you and mumbles some strange words.
You are confused.
Unknown command.
You are too confused!
It was a potion of lignification.
Your horns disappear.
Your talons disappear.
You turn into a tree.
Your +0 pair of gloves melds into your body.
Your +0 robe melds into your body.
Your roots penetrate the ground.
The orc wizard hits you but does no damage.
You feel drained.
The orc wizard hits you with a +2 vampiric dagger.
* * * LOW HITPOINT WARNING * * *
The orc wizard draws strength from your wounds!
Unknown command.
Unknown command.
You cannot move. (Use ctrl+direction or * direction to attack without moving.) Unknown command.
You barely miss the orc wizard.
The orc wizard hits you but does no damage.
You feel drained.
The orc wizard hits you with a +2 vampiric dagger.
* * * LOW HITPOINT WARNING * * *
The orc wizard draws strength from your wounds!
You barely miss the orc wizard. You punch the orc wizard.
The orc wizard hits you but does no damage.
You feel drained.
The orc wizard hits you with a +2 vampiric dagger.
* * * LOW HITPOINT WARNING * * *
The orc wizard draws strength from your wounds!
You hit the orc wizard but do no damage.
Your punch misses the orc wizard.
The orc wizard hits you with a +2 dagger of draining.
* * * LOW HITPOINT WARNING * * *
You feel drained.
You swing at nothing.
The orc wizard casts a spell at you.
You are more confused.
The orc wizard hits you but does no damage.
You feel drained.
You attack the broken pillar.
The orc wizard hits you but does no damage.
You smack the orc wizard!
The orc wizard hits you but does no damage.
You feel drained.
The orc wizard points at you and mumbles some strange words.
The magic dart hits you.
* * * LOW HITPOINT WARNING * * *
You barely miss the orc wizard.
The orc wizard hits you but does no damage.
You feel drained.
The orc wizard hits you with a +2 vampiric dagger.
* * * LOW HITPOINT WARNING * * *
You swing at nothing.
The orc wizard hits you but does no damage.
You feel drained.
The orc wizard hits you but does no damage.
Press: ? - help, v - describe, . - travel, g - get item
Here: an orc wizard, wielding a +2 dagger of draining and wearing a +0 robe (heavily wounded, slightly transparent) Item here: a +0 short sword.
The floor, spattered with blood.
You hit the orc wizard.
The orc wizard hits you but does no damage.
You feel drained.
The orc wizard hits you but does no damage.
You closely miss the orc wizard.
The orc wizard hits you but does no damage.
You feel drained.
The orc wizard hits you but does no damage.
You completely miss the orc wizard.
The orc wizard hits you but does no damage.
You feel drained.
The orc wizard hits you with a +2 vampiric dagger.
* * * LOW HITPOINT WARNING * * *
You hit the orc wizard.
You feel less confused.
The orc wizard hits you but does no damage.
You feel drained.
The orc wizard hits you but does no damage.
You barely miss the orc wizard.
The orc wizard hits you with a +2 dagger of draining.
* * * LOW HITPOINT WARNING * * *
You feel drained.
You die...

Skill      XL: |  1  2  3  4 |
---------------+-------------+-----
Dodging        | 2 |  2.4
Fighting       | 2 |  2.4
Transmutations | 3 |  3.0
Unarmed Combat | |  3.8
Spellcasting   | |  2.9

Action                   |  1- 3 |  4- 6 || total
-------------------------+-------+-------++-------
Melee: Unarmed           |    81 |    59 ||   140
       Headbutt          |    12 |     7 ||    19
       Kick              |    11 |    12 ||    23
       Tailslap          |     7 |     4 ||    11
       Punch             |     1 |     3 ||     4
 Cast: Beastly Appendage |    28 |     9 ||    37
       Wereblood         |       |     1 ||     1
 Abil: Rolling Charge    |     7 |     8 ||    15
  Use: Potion            |       |     3 ||     3
 Stab: Sleeping          |     1 |       ||     1
Armor: Robe              |    19 |    13 ||    32
       Skin              |       |    16 ||    16
Dodge: Dodged            |    39 |    16 ||    55

Levels and vault maps discovered:
D:1:      lightli_arrival_boilingwater, layout_basic, serial_shops,
          nicolae_shop_waterfront
D:2:      layout_basic, serial_shops, shop, basic_altar
D:3:      layout_loops_corners, riverfiend_overflow_shadow_ancestor,
          mainiacjoe_overflow_brackets, ebering_ecumenical_altar_webs
D:4:      layout_cave_pools, serial_column_ruins, column_ruins_hut,
          column_ruins_grid_1, column_ruins_columns_dead_end,
          column_ruins_open_tiny, column_ruins_open_small,
          column_ruins_corridor_dead_end

Notes
Turn   | Place    | Note
-------+----------+-------------------------------------------
     0 | D:1      | MalarOregon the Palentonga Transmuter began the quest for
                  | the Orb.
     0 | D:1      | Reached XP level 1. HP: 16/16 MP: 3/3
    21 | D:1      | Found Vidoha Uquas's General Store.
   279 | D:2      | Found Learilie's Armour Boutique.
   343 | D:2      | Reached XP level 2. HP: 22/22 MP: 3/5
   512 | D:2      | Found a shimmering blue altar of Sif Muna.
   937 | D:2      | Learned a level 2 spell: Wereblood
   946 | D:1      | Reached XP level 3. HP: 21/27 MP: 4/6
  1433 | D:3      | Found a faded altar of an unknown god.
  1628 | D:3      | Found a sacrificial altar of Ru.
  1965 | D:3      | Reached skill level 2 in Dodging
  2365 | D:3      | Reached skill level 2 in Fighting
  2365 | D:3      | Reached XP level 4. HP: 17/35 MP: 7/7
  2641 | D:3      | Found a hazy altar of Hepliaklqana.
  2641 | D:3      | Found a shadowy altar of Dithmenos.
  2643 | D:3      | Noticed a shadow
  3134 | D:4      | Learned a level 3 spell: Spider Form
  3177 | D:4      | You add the spells Alistair's Intoxication, Borgnjor's Vile
                  | Clutch and Eringya's Noxious Bog to your library.
  3264 | D:4      | Reached skill level 3 in Transmutations
  3264 | D:4      | Reached XP level 5. HP: 40/41 MP: 5/9
  3286 | D:4      | HP: 1/40 [orc wizard/puff of flame (13)]
  3291 | D:4      | HP: 9/54 [orc wizard/+2 vampiric dagger (3)]
  3296 | D:4      | HP: 4/48 [orc wizard/+2 vampiric dagger (2)]
  3302 | D:4      | HP: 1/40 [orc wizard/+2 dagger of draining (2)]
  3302 | D:4      | Slain by an orc wizard

Vanquished Creatures
  A hound (D:4)
  3 orc wizards
  A gnoll (D:1)
  2 adders (D:3)
  2 adder skeletons (D:4)
  A worm (D:2)
  4 orcs
  2 ball pythons
  6 bats
  5 endoplasms
  3 giant cockroaches
  4 goblins
  3 hobgoblins
  3 quokkas
  2 frilled lizards
  3 kobolds
  4 rats
49 creatures vanquished.

Table legend:
 A = Non-vault XP
 B = Vault XP
 C = Vault XP percentage of total XP
 D = Non-vault monster count
 E = Vault monster count
 F = Vault count percentage of total count
                 A         B        C        D         E       F
            +---------+---------+-------+---------+---------+-------
      Total |     270 |       0 |   0.0 |      49 |       0 |   0.0
            +---------+---------+-------+---------+---------+-------
        D:1 |      26 |       0 |   0.0 |       9 |       0 |   0.0
        D:2 |      17 |       0 |   0.0 |       8 |       0 |   0.0
        D:3 |     121 |       0 |   0.0 |      19 |       0 |   0.0
        D:4 |     106 |       0 |   0.0 |      13 |       0 |   0.0
            +---------+---------+-------+---------+---------+-------

Illustrated notes

Table legend:
 A = Kills in this place as a percentage of kills in entire the game.
 B = Kills by you in this place as a percentage of kills by you in the entire game.
 C = Kills by friends in this place as a percentage of kills by friends in the entire game.
 D = Other kills in this place as a percentage of other kills in the entire game.
 E = Experience gained in this place as a percentage of experience gained in the entire game.
 F = Experience gained in this place divided by the number of levels of this place that you have seen.
                   A       B       C       D       E      F
               +-------+-------+-------+-------+-------+----------------------
         Total | 100.0 | 100.0 |   N/A |   N/A | 100.0 |  67.5
       Dungeon | 100.0 | 100.0 |   N/A |   N/A | 100.0 |  67.5
               +-------+-------+-------+-------+-------+----------------------

Table legend: (Time is in decaauts)
 A = Elapsed time spent in this place.
 B = Non-inter-level travel time spent in this place.
 C = Inter-level travel time spent in this place.
 D = Time resting spent in this place.
 E = Time spent auto-exploring this place.
 F = Levels seen in this place.
 G = Mean time per level.
                   A        B        C        D        E       F      G
               +--------+--------+--------+--------+--------+-----+--------+
         Total |   3300 |   3053 |    247 |    192 |   2375 |   4 |  825.0 |
       Dungeon |   3300 |   3053 |    247 |    192 |   2375 |   4 |  825.0 |
               +--------+--------+--------+--------+--------+-----+--------+

Top non-repeatable levels by time:
     D:3: 1575 daAuts
     D:1: 724 daAuts
     D:2: 660 daAuts
     D:4: 339 daAuts
